 Dungeon Crawl Stone Soup version 0.28.0-45-g0d030f2227 (webtiles) character file.

Game seed: 12474256181519230374

328 NinjaNoafa the Firebug (level 6, -7/45 HPs)
             Began as a Draconian Fire Elementalist on Apr 15, 2022.
             Was a Follower of Nemelex Xobeh.
             Killed from afar by Ijyb (10 damage)
             ... with an iceblast
             ... on level 3 of the Dungeon.
             The game lasted 00:06:43 (3208 turns).

NinjaNoafa the Firebug (DrFE)                       Turns: 3208, Time: 00:06:44

Health: -7/45      AC:  6    Str: 10    XL:     6   Next: 25%
Magic:  2/10       EV: 12    Int: 18    God:    Nemelex Xobeh [*.....]
Gold:   141        SH:  0    Dex: 11    Spells: 10/11 levels left

rFire   . . .      SeeInvis .   q - +0 dagger (holy)
rCold   . . .      Faith    .   (no shield)
rNeg    . . .      Spirit   .   (armour unavailable)
rPois   .          Reflect  .   (helmet restricted)
rElec   .          Harm     .   (no cloak)
rCorr   +          Rampage  .   (no gloves)
Will    .....                   (no boots)
Stlth   ++........              (no amulet)
HPRegen 0.15/turn               d - ring of resist corrosion
MPRegen 0.12/turn               (no ring)

@: about to teleport
A: AC +6, unfitting armour, cold-blooded
a: Renounce Religion, Draw Escape, Draw Destruction, Draw Summoning


You were on level 3 of the Dungeon.
You worshipped Nemelex Xobeh.
Nemelex Xobeh was aware of your devotion.
You visited 1 branch of the dungeon, and saw 3 of its levels.

You collected 180 gold pieces.
You spent 39 gold pieces at shops.

Inventory:

Hand Weapons
 b - a +0 short sword
 q - a +0 dagger of holy wrath (weapon)
Missiles
 h - 65 stones
 k - 4 poisoned darts
 p - 6 curare-tipped darts
Jewellery
 d - a ring of resist corrosion (left hand)
 l - an amulet of magic regeneration
Scrolls
 a - a scroll of enchant armour {unknown}
 e - a scroll of noise {unknown}
 g - 3 scrolls of teleportation
 i - a scroll of identify {unknown}
 j - a scroll of vulnerability {unknown}
 n - a scroll of blinking {unknown}
 o - a scroll of enchant weapon {unknown}
Potions
 f - a potion of flight


   Skills:
 * Level 0.8 Short Blades
 * Level 0.9 Throwing
 + Level 2.8 Dodging
 - Level 2.2 Stealth
 + Level 3.1 Spellcasting
 + Level 3.2 Conjurations
 + Level 3.9 Fire Magic
 + Level 1.9 Invocations


You had 10 spell levels left.
You knew the following spells:

 Your Spells              Type           Power      Damage    Failure   Level
a - Foxfire               Conj/Fire      60%        2x1d7     3%          1

Your spell library contained the following spells:

 Spells                   Type           Power      Damage    Failure   Level
 Scorch                   Fire           32%        2d6       4%          2
 Conjure Flame            Conj/Fire      15%        6-21      11%         3
 Inner Flame              Hex/Fire       9%         N/A       22%         3
 Flame Wave               Conj/Fire      15%        2d6       36%         4
 Summon Lightning Spire   Summ/Air       2%         N/A       85%         4
 Storm Form               Tmut/Air       1%         N/A       100%        7
 Maxwell's Capacitive Co  Air            1%         ∞         100%        8


Dungeon Overview and Level Annotations

Branches:
Dungeon (3/15)

Altars:
Nemelex Xobeh

Shops:
D:2 (

Annotations:
D:3 1 runed translucent door, Crazy Yiuf, Ijyb


Innate Abilities, Weirdness & Mutations

Your plain brown scales are hard. (AC +6)
You cannot fit into any form of body armour.
You are cold-blooded and may be slowed by cold attacks.


Message History

Ijyb is heavily wounded.
Ijyb misses you.
Casting: Foxfire (safe; 3% risk of failure)
Confirm with . or Enter, or press ? or * to list all spells.
You conjure some foxfire!
Ijyb hits you with a +0 dagger.
You closely miss Ijyb.
Ijyb is heavily wounded.
The foxfire hits Ijyb but does no damage.
Ijyb is heavily wounded.
Ijyb closely misses you.
Casting: Foxfire (safe; 3% risk of failure)
Confirm with . or Enter, or press ? or * to list all spells.
You conjure some foxfire!
Ijyb hits you but does no damage.
You hit Ijyb.
Ijyb is heavily wounded.
The foxfire hits Ijyb but does no damage.
Ijyb is heavily wounded.
Casting: Foxfire (safe; 3% risk of failure)
Confirm with . or Enter, or press ? or * to list all spells.
You conjure some foxfire!
Ijyb hits you with a +0 dagger.
You barely miss Ijyb.
Ijyb is heavily wounded.
The foxfire hits Ijyb but does no damage.
Ijyb is heavily wounded.
Ijyb hits you with a +0 dagger.
Your foxfire dissipates!
Ijyb barely misses you.
Okay, then.
Ijyb zaps a wand.
The mass of ice explodes!
The iceblast engulfs you!
* * * LOW HITPOINT WARNING * * *
As you read the scroll labelled KYGGUG YTRO, it crumbles to dust.
You feel strangely unstable.
It was a scroll of teleportation.
Ijyb zaps a wand.
The mass of ice explodes!
The iceblast engulfs you!
* * * LOW HITPOINT WARNING * * *
You feel better.
Ijyb zaps a wand.
The mass of ice explodes!
The iceblast engulfs you!
* * * LOW HITPOINT WARNING * * *
Ijyb zaps a wand.
The mass of ice explodes!
The iceblast engulfs you!
You die...
Your body disappears without a glow.

........#.............#
........#.............#
......................#
#######...............#
#.>###.########## ####
#.######### #.........#
#########.# #.g..@....#
#.######### #.# #....#
#.#### #


You could see Ijyb.

Vanquished Creatures
  Sigmund (D:2)
  A black bear (D:3)
  Natasha (D:2)
  2 adders
  4 orcs (D:3)
  7 bats
  2 endoplasms (D:2)
  A giant cockroach (D:2)
  2 goblins (D:2)
  4 hobgoblins
  6 quokkas
  4 ball pythons
  4 frilled lizards (D:1)
  7 kobolds
  4 rats
50 creatures vanquished.

Vanquished Creatures (others)
  136 foxfires
  4 fungi (D:2)
140 creatures vanquished.

Grand Total: 190 creatures vanquished

Notes
Turn   | Place    | Note
-------+----------+-------------------------------------------
     0 | D:1      | NinjaNoafa the Draconian Fire Elementalist began the quest
                  | for the Orb.
     0 | D:1      | Reached XP level 1. HP: 14/14 MP: 3/3
   410 | D:1      | Reached XP level 2. HP: 19/20 MP: 1/5
  1173 | D:2      | Found a sparkling altar of Nemelex Xobeh.
  1198 | D:2      | Became a worshipper of Nemelex Xobeh the Trickster
  1302 | D:2      | Found a faded altar of an unknown god.
  1358 | D:2      | Reached XP level 3. HP: 26/26 MP: 4/6
  1504 | D:2      | Noticed Natasha
  1522 | D:2      | Killed Natasha
  1727 | D:2      | Reached XP level 4. HP: 6/33 MP: 3/7
  2002 | D:2      | Noticed Sigmund
  2009 | D:2      | Killed Sigmund
  2010 | D:2      | Reached skill level 1 in Invocations
  2010 | D:2      | Reached XP level 5. HP: 38/38 MP: 1/9
  2182 | D:2      | Found Ivatsust's Weapon Shoppe.
  2190 | D:2      | Bought 6 curare-tipped darts for 39 gold pieces
  2642 | D:3      | Reached * piety under Nemelex Xobeh
  2711 | D:3      | Noticed a black bear
  2727 | D:3      | Killed a black bear
  2728 | D:3      | Reached XP level 6. HP: 26/45 MP: 3/10
  2915 | D:3      | Found a runed translucent door.
  2916 | D:3      | Noticed Crazy Yiuf
  3170 | D:3      | Noticed Ijyb
  3208 | D:3      | Killed from afar by Ijyb

Illustrated notes

Levels and vault maps discovered:
D:1:      scummos_arrival_simple_crosswalls, layout_loops_ring
D:2:      layout_basic, serial_shops, nicolae_diamond_shop, basic_altar,
          dreamdust_ecumenical_altar_grove, minmay_misc_feat_cross,
          minmay_tetromino_i2, uniq_natasha, uniq_sigmund
D:3:      layout_basic, palyth_stone_intersect, uniq_ijyb,
          uniq_crazy_yiuf_cottage

Skill      XL: |  1  2  3  4  5 |
---------------+----------------+-----
Stealth        | 2 |  2.2
Dodging        | 2 |  2.8
Conjurations   | 2 3 |  3.2
Invocations    | 1 |  1.9
Spellcasting   | 3 |  3.1
Short Blades   | |  0.8
Throwing       | |  0.9
Fire Magic     | |  3.9

Action                   |  1- 3 |  4- 6 || total
-------------------------+-------+-------++-------
Melee: Short sword       |    41 |     4 ||    45
       Tailslap          |     3 |     3 ||     6
       Dagger            |       |    26 ||    26
 Cast: Foxfire           |    51 |    46 ||    97
  Use: Potion            |       |     6 ||     6
       Scroll            |       |     1 ||     1
Armor: Skin              |    17 |    18 ||    35
Dodge: Dodged            |    44 |    27 ||    71
